 Dungeon Crawl Stone Soup version 0.31-a0-234-gad7ace16ef (webtiles) character file.

Game seed: 16213708282163004204

114627 Chiseanne the Peltast (level 16, -3/124 HPs)
             Began as a Demonspawn Hedge Wizard on Jan 26, 2023.
             Was a High Priest of Vehumet.
             Collided with a rock wall (22 damage)
             ... caused by a deep elf knight
             ... on level 1 of the Elven Halls on July 10, 2023.
             The game lasted 02:05:00 (40604 turns).

Chiseanne the Peltast (Demonspawn Hedge Wizard)    Turns: 40604, Time: 02:05:01

Health: -3/124     AC: 21    Str: 12    XL:     16   Next: 16%
Magic:  32/35      EV: 11    Int: 25    God:    Vehumet [*****.]
Gold:   2235       SH: 15    Dex: 16    Spells: 11/45 levels left

rFire   + + .        a - +7 broad axe "Oklat" {heavy, rElec rPois rC+}
rCold   + + +        B - +1 kite shield
rNeg    . . .        L - +2 robe {rC+ rF+}
rPois   +            m - +1 helmet
rElec   +            n - +1 cloak
rCorr   .            X - +2 pair of gloves {Dex+3}
SInv    .            T - +2 pair of boots
Will    +....        q - amulet of the acrobat
Stlth   ++           K - +4 ring of protection
HPRegen 0.40/turn    E - ring "Irogea" {rPois rF+ rC+ Int+3}
MPRegen 0.24/turn

%: acrobat
@: studying Ice Magic
A: hooves 1, demonic guardian 2, icemail 1, sharp scales 3, condensation shield
a: Renounce Religion


You were on level 1 of the Elven Halls.
You worshipped Vehumet.
Vehumet was extremely pleased with you.
You visited 5 branches of the dungeon, and saw 24 of its levels.
You also visited: Ossuary.

You collected 3544 gold pieces.
You spent 1309 gold pieces at shops.

Inventory:

Hand Weapons
 a - the +7 broad axe "Oklat" (weapon) {heavy, rElec rPois rC+}
   (You found it on level 1 of the Lair of Beasts)

   rC:        It protects you from cold.
   rElec:     It insulates you from electricity.
   rPois:     It protects you from poison.
 d - the +6 dagger of a Labyrinth {flame, rF+ Int+3 SInv}
   (You found it on level 4 of the Dungeon)

   Int:       It affects your intelligence (+3).
   rF:        It protects you from fire.
   SInv:      It lets you see invisible.
 s - the +2 long sword "Secyonga" {heavy, Fly rElec Will- Dex+5}
   (You found it on level 11 of the Dungeon)

   Dex:       It affects your dexterity (+5).
   rElec:     It insulates you from electricity.
   Fly:       It grants you flight.
   Will:      It decreases your willpower.
Missiles
 z - 5 curare-tipped darts (quivered)
 Q - 2 throwing nets
Armour
 m - a +1 helmet (worn)
 n - a +1 cloak (worn)
 B - a +1 kite shield (worn)
 L - a +2 robe of resistance (worn)
 T - a +2 pair of boots (worn)
 X - a +2 pair of gloves of dexterity (worn)
Jewellery
 l - a ring of wizardry
 q - an amulet of the acrobat (around neck)
 E - the ring "Irogea" (right hand) {rPois rF+ rC+ Int+3}
   (You took it off a gnoll sergeant on level 10 of the Dungeon)

   [ring of poison resistance]

   Int:       It affects your intelligence (+3).
   rF:        It protects you from fire.
   rC:        It protects you from cold.
   rPois:     It protects you from poison.
 K - a +4 ring of protection (left hand)
 O - an amulet of regeneration
 S - a ring of flight
Wands
 i - a wand of charming (6)
 v - a wand of roots (8)
 w - a wand of digging (5)
 W - a wand of flame (17)
 Y - a wand of acid (17)
Scrolls
 b - 9 scrolls of teleportation
 y - 4 scrolls of fog
 A - 5 scrolls of poison
 C - 2 scrolls of summoning
 H - 2 scrolls of fear
 I - a scroll of revelation
 M - 14 scrolls of identify
 N - 2 scrolls of silence
Potions
 e - a potion of brilliance
 f - 3 potions of cancellation
 j - 3 potions of haste
 p - a potion of resistance
 r - a potion of enlightenment
 F - 4 potions of magic
 G - 6 potions of might
 J - 7 potions of curing
 V - a potion of invisibility
 Z - 2 potions of heal wounds
Miscellaneous
 o - a phial of floods (inert)
 x - a lightning rod (1/4)


   Skills:
 - Level 10.7 Fighting
 * Level 3.0 Axes
 - Level 1.7 Dodging
 - Level 1.7 Stealth
 - Level 16.8 Shields
 - Level 15.0 Spellcasting
 * Level 10.0 Conjurations
 - Level 1.0 Summonings
 - Level 0.8 Translocations
 - Level 8.0 Air Magic


You had 11 spell levels left.
You knew the following spells:

 Your Spells              Type           Power      Damage    Failure   Level
a - Iskenderun's Battles  Conj           62%        2d11      1%          5
b - Searing Ray           Conj           100%       2d8       1%          2
c - Fireball              Conj/Fire      21%        3d10      5%          5
d - Mephitic Cloud        Conj/Pois/Air  48%        N/A       1%          3
e - Conjure Ball Lightni  Conj/Air       29%        3x3d8     5%          6
f - Iskenderun's Mystic   Conj/Tloc      45%        2d10      1%          4
g - Orb of Destruction    Conj           31%        9d10      17%         7
j - Blink                 Tloc           46%        N/A       5%          2

Your spell library contained the following spells:

 Spells                   Type           Power      Damage    Failure   Level
 Irradiate                Conj/Tmut      21%        3d18      5%          5
 Kiss of Death            Conj/Necr      100%       2d13      1%          1
 Magic Dart               Conj           100%       1d8       1%          1
 Fulminant Prism          Conj/Hex       21%        3d12      1%          4
 Cigotuvi's Dreadful Rot  Necr/Pois/Air  64%        N/A       2%          2
 Volatile Blastmotes      Fire/Tloc      40%        2d13      3%          3
 Slow                     Hex            72%        N/A       4%          1
 Call Imp                 Summ           46%        N/A       4%          2
 Lesser Beckoning         Tloc           46%        N/A       5%          2
 Gell's Gravitas          Tloc           23%        N/A       11%         3
 Teleport Other           Tloc           23%        N/A       11%         3
 Confusing Touch          Hex            18%        N/A       16%         3
 Lee's Rapid Deconstruct  Erth           9%         3d7*      32%         5
 Cause Fear               Hex            9%         N/A       45%         4
 Dispel Undead            Necr           18%        3d11      45%         4
 Leda's Liquefaction      Hex/Erth       9%         N/A       45%         4
 Metabolic Englaciation   Hex/Ice        9%         N/A       80%         5
 Dragon Form              Tmut           9%         N/A       100%        7
 Malign Gateway           Summ/Tloc      11%        N/A       100%        7
 Dragon's Call            Summ           11%        N/A       100%        9


Dungeon Overview and Level Annotations

Branches:
Dungeon (15/15)            Temple (1/1) D:6            Lair (5/5) D:9
 Shoals (0/4) Lair:3       Spider (0/4) Lair:2        Slime (0/5) Lair:4
    Orc (2/2) D:9             Elf (1/3) Orc:2        Vaults (0/5) D:13
 Depths (0/4) D:15        Ossuary (visited)

Altars:
Dithmenos
Kikubaaqudgha
Makhleb
Nemelex Xobeh
Qazlal
Ru
Vehumet
Wu Jian
Yredelemnul
Jiyva

Shops:
D:7 ?*(   D:8 (   Orc:2 ?*((*

Annotations:
D:8 2 transporters, NoOffense's ghost, novice TrMo
D:11 3 runed translucent doors, Ijustatesigmund's ghost, journeyman DECj; Syrassil's ghost, journeyman HuWn
D:14 3 runed translucent doors, Odeis's ghost, journeyman OpCK; Wopsaluy's ghost, journeyman GrFi; Ybumir's ghost, journeyman FeAE; milododd's ghost, adept TrFi


Innate Abilities, Weirdness & Mutations

You have large cloven feet.
A demonic guardian rushes to your aid.
A meltable icy envelope protects you from harm. (AC +0)
You are completely covered in razor-sharp scales. (AC +3, Slay +3)
A meltable shield of frost defends you. (SH +0)


Message History

You see here a +0 long sword.
You slash the deep elf zephyrmancer!
The deep elf zephyrmancer is almost dead.
Your soul eater closely misses the deep elf zephyrmancer.
The deep elf pyromancer casts a spell at you.
The sticky flame hits you. You resist.
You are covered in liquid flames!
Your soul eater barely misses the deep elf zephyrmancer.
The deep elf zephyrmancer hits your soul eater but does no damage.
The deep elf pyromancer gestures wildly while chanting.
The deep elf pyromancer blinks!
You closely miss the deep elf knight.
You are covered in liquid flames!
Your soul eater disappears in a puff of smoke!
The deep elf pyromancer mumbles some strange words.
The deep elf pyromancer blinks!
The deep elf knight casts a spell at you.
The shard of ice hits you! You partially resist.
* * * LOW HITPOINT WARNING * * *
A demonic guardian appears!
The deep elf knight mumbles some strange words.
The deep elf knight flickers and vanishes!
Deactivating autopickup; reactivate with Ctrl-A.
The deep elf zephyrmancer casts a spell.
The deep elf zephyrmancer blinks!
Casting: Mephitic Cloud (safe; 1% risk of failure)
Confirm with . or Enter, or press ? or * to list all spells.
Aiming: Mephitic Cloud (safe; 1% risk of failure)
Press: ? - help, Shift-Dir - straight line The ball explodes into a vile cloud!
The stinking cloud engulfs something but does no damage.
The stinking cloud engulfs you but does no damage.
You are covered in liquid flames!
You hear some strange, mumbled words.
A lance of force appears from out of thin air!
The lance of force hits you.
* * * LOW HITPOINT WARNING * * *
You are knocked back by the lance of force.
You slam into the rock wall!
You die...

#####
############...##
#.....##@##.###.####
#.###.#.#{.#...#.#^.
#.....3###☼#...#.#.
##.....## #.#...#.#.#
##......☼####.###..°..
#....e...E# ##e...##.#
#........°# ##.#### .#
#........°###.°# .
##.......###(#.#######


You could see 2 deep elf pyromancers and a friendly smoke demon (summoned).

Vanquished Creatures
  Rupert (D:13)
  Agnes (D:15)
  A deep elf sorcerer (Elf:1)
  A stone giant (D:15)
  Snorg (D:10)
  An entropy weaver (D:11)
  2 vault guards (D:13)
  6 hydras
  An ogre mage (D:15)
  6 centaur warriors
  3 ghost crabs (D:11)
  A boulder beetle (Lair:5)
  A merfolk avatar (Lair:5)
  A dancing weapon (Elf:1)
  8 two-headed ogres
  4 death yaks
  2 tengu warriors (D:15)
  3 deep elf knights
  Nergalle (Lair:1)
  3 orc high priests (Orc:2)
  4 fire crabs (D:11)
  A pharaoh ant (Lair:2)
  2 sea snakes (Lair:5)
  A deep elf archer (Elf:1)
  A deep troll (D:13)
  6 harpies
  A lindwurm (shapeshifter) (D:14)
  Pikel (D:8)
  4 orc knights
  6 wizards
  8 deep elf pyromancers
  4 deep elf zephyrmancers (Elf:1)
  4 oklob plants (Lair:4)
  3 orc sorcerers
  4 wolf spider zombies (D:14)
  5 manticores
  8 cyclopes
  An ugly thing (D:12)
  9 elephants
  3 black mambas (Lair:5)
  7 centaur zombies (D:14)
  2 unseen horrors
  A torpor snail (Lair:4)
  10 cane toads
  7 rime drakes
  5 kobold demonologists
  6 komodo dragons
  A redback zombie (D:14)
  8 trolls
  A harpy zombie (D:14)
  3 meliai (D:13)
  5 hornets
  A wind drake (shapeshifter) (D:15)
  2 polar bears (Lair:5)
  21 blink frogs
  A tarantella (shapeshifter) (Elf:1)
  A tarantella (Lair:2)
  A snapping turtle (Lair:5)
  6 dream sheep (Lair:4)
  A meliai zombie (D:14)
  Sigmund (D:3)
  A centaur simulacrum (D:15)
  A jumping spider (Orc:2)
  An air elemental (Elf:1)
  3 shadows
  3 wraiths
  2 wyverns
  34 yaks
  A basilisk (Lair:2)
  A water elemental (Elf:1)
  17 humans (D:13)
  3 steam dragons
  A fire elemental (Elf:1)
  A redback (Lair:2)
  16 vampire mosquitoes
  13 wargs
  4 acid dragons
  12 water moccasins
  A hell hound (D:10)
  A swamp drake (D:9)
  25 orc warriors
  A meliai simulacrum (D:13)
  11 ogres
  4 black bears
  15 wolves
  A boggart (Elf:1)
  9 centaurs
  A phantom (D:5)
  3 lemures (D:8)
  8 gnoll sergeants
  9 kobold brigands
  7 bullfrogs
  5 necrophages
  4 scorpions
  9 killer bees
  5 howler monkeys
  4 electric eels
  3 vampire bats (D:10)
  A jelly (D:7)
  3 gnoll boudas
  2 hounds (D:5)
  19 orc priests
  3 iguanas
  24 orc wizards
  A boggart zombie (D:14)
  4 hell rats (Lair:3)
  23 gnolls
  2 adders
  3 white imps
  2 ufetubi
  5 worms
  A dart slug (D:3)
  73 orcs
  6 ball pythons
  2 bats (D:10)
  10 endoplasms
  4 giant cockroaches
  9 goblins
  10 hobgoblins
  18 kobolds
  7 quokkas
  10 frilled lizards
  2 hobgoblin zombies (Ossuary)
  3 kobold zombies (Ossuary)
  An orc zombie (Ossuary)
  6 rats
709 creatures vanquished.

Vanquished Creatures (collateral kills)
  An entropy weaver (D:11)
  2 catoblepae
  A boulder beetle (Lair:2)
  A death yak (Lair:2)
  2 fire crabs (D:11)
  A sea snake (Lair:5)
  An orc knight (Orc:2)
  An elephant (Lair:4)
  A manticore (D:11)
  A gargoyle (D:10)
  A cane toad (Lair:2)
  A torpor snail (Lair:2)
  A troll (D:9)
  A polar bear (Lair:2)
  A warg (D:10)
  Menkaure (D:4)
  An orc warrior (Orc:1)
  An ogre (D:4)
  A kobold brigand (D:9)
  A gnoll sergeant (D:11)
  An orc wizard (Orc:2)
  Robin (D:3)
  A gnoll (D:11)
  2 orcs
  A ball python (D:2)
  A bat (D:10)
  A goblin (D:2)
  A rat (D:2)
  5 ball lightnings
36 creatures vanquished.

Vanquished Creatures (others)
  An entropy weaver (D:11)
  2 deep elf pyromancers (Elf:1)
  An apocalypse crab (D:11)
  146 ball lightnings
150 creatures vanquished.

Grand Total: 895 creatures vanquished

Notes
Turn   | Place    | Note
-------+----------+-------------------------------------------
     0 | D:1      | Chiseanne the Demonspawn Hedge Wizard began the quest for
                  | the Orb.
     0 | D:1      | Reached XP level 1. HP: 13/13 MP: 4/4
   671 | D:1      | Gained mutation: A weak demonic guardian rushes to your
                  | aid. [demonic ancestry]
   671 | D:1      | Reached XP level 2. HP: 14/19 MP: 1/6
  1806 | D:2      | Gained mutation: You are partially covered in razor-sharp
                  | scales. (AC +1, Slay +1) [demonic ancestry]
  1806 | D:2      | Reached XP level 3. HP: 24/24 MP: 0/8
  2447 | D:2      | Identified the +3 ring mail of Spite {rF- rC+++ Will-
                  | Dex+8}
  2475 | D:2      | Learned a level 2 spell: Blink
  2479 | D:2      | Learned a level 3 spell: Mephitic Cloud
  2558 | D:3      | Noticed Robin
  2663 | D:3      | Killed Robin
  2664 | D:3      | Gained mutation: You are mostly covered in razor-sharp
                  | scales. (AC +2, Slay +2) [demonic ancestry]
  2664 | D:3      | Reached XP level 4. HP: 23/30 MP: 0/9
  2822 | D:3      | Noticed a black bear
  3139 | D:3      | Reached skill level 1 in Air Magic
  3311 | D:3      | Gained mutation: A demonic guardian rushes to your aid.
                  | [demonic ancestry]
  3311 | D:3      | Reached XP level 5. HP: 29/35 MP: 3/11
  3405 | D:3      | Noticed Sigmund
  3498 | D:4      | Found a sand-covered staircase.
  3503 | Ossuary  | Entered an ossuary
  3752 | D:4      | Noticed an ogre
  3763 | D:4      | Killed an ogre
  3855 | D:4      | Noticed an ogre
  3863 | D:4      | Killed an ogre
  3864 | D:4      | Gained mutation: A meltable shield of frost defends you.
                  | (SH +0) [demonic ancestry]
  3864 | D:4      | Reached XP level 6. HP: 6/41 MP: 9/13
  4037 | D:4      | Identified the +6 dagger of a Labyrinth {flame, rF+ Int+3
                  | SInv}
  4084 | D:4      | Learned a level 2 spell: Searing Ray
  4466 | D:4      | Noticed Menkaure
  4856 | D:4      | Reached skill level 5 in Spellcasting
  4919 | D:4      | Reached XP level 7. HP: 46/46 MP: 8/14
  5076 | D:4      | Found a sacrificial altar of Ru.
  5148 | D:4      | Killed Menkaure
  5245 | D:4      | Reached skill level 5 in Conjurations
  5482 | D:3      | Found a faded altar of an unknown god.
  5633 | D:3      | Killed Sigmund
  5771 | D:3      | Gained mutation: A meltable icy envelope protects you from
                  | harm. (AC +0) [demonic ancestry]
  5771 | D:3      | Reached XP level 8. HP: 52/52 MP: 10/16
  6126 | D:5      | Entered Level 5 of the Dungeon
  7165 | D:6      | Reached skill level 5 in Air Magic
  7406 | D:6      | Found a staircase to the Ecumenical Temple.
  7434 | Temple   | Entered the Ecumenical Temple
  7478 | Temple   | Became a worshipper of Vehumet
  7957 | D:6      | Reached XP level 9. HP: 57/57 MP: 5/19
  8171 | D:7      | Found Eggauk's Magic Scroll Shop.
  8179 | D:7      | Bought a scroll of identify for 26 gold pieces
  8179 | D:7      | Bought a scroll of identify for 26 gold pieces
  8179 | D:7      | Bought a scroll of fog for 52 gold pieces
  8179 | D:7      | Bought a scroll of teleportation for 39 gold pieces
  8179 | D:7      | Bought a scroll of poison for 52 gold pieces
  8197 | D:7      | You fall into a shaft and drop 3 floors!
  8197 | D:10     | Entered Level 10 of the Dungeon
  8198 | D:10     | Chiseanne: yeah right..stupid fuckers
  8268 | D:10     | Noticed a komodo dragon
  8943 | D:9      | Noticed a two-headed ogre
  8955 | D:9      | Noticed a deep elf pyromancer
  8970 | D:9      | Killed a two-headed ogre
  8985 | D:9      | Killed a deep elf pyromancer
  8994 | D:9      | Noticed a troll
  9010 | D:9      | Noticed a two-headed ogre
  9013 | D:9      | Killed a troll
  9014 | D:9      | Reached XP level 10. HP: 12/63 MP: 7/22
  9018 | D:9      | Killed a two-headed ogre
  9520 | D:10     | Reached * piety under Vehumet
  9520 | D:10     | Offered knowledge of Freeze by Vehumet.
  9690 | D:9      | Identified the ring "Irogea" {rPois rF+ rC+ Int+3}
  9957 | D:9      | Reached skill level 2 in Shields
 10077 | D:9      | Noticed a cyclops
 10214 | D:10     | Reached skill level 3 in Shields
 10314 | D:9      | Noticed a cyclops
 10321 | D:10     | Killed a cyclops
 10322 | D:10     | Reached skill level 4 in Shields
 10331 | D:10     | Killed a cyclops
 10332 | D:10     | Reached skill level 5 in Shields
 10709 | D:9      | Found a staircase to the Orcish Mines.
 10764 | D:9      | Noticed a two-headed ogre
 10773 | D:9      | Killed a two-headed ogre
 10774 | D:9      | Reached skill level 6 in Shields
 10774 | D:9      | Reached XP level 11. HP: 68/68 MP: 11/24
 11147 | D:8      | Reached ** piety under Vehumet
 11147 | D:8      | Offered knowledge of Shock by Vehumet.
 11206 | D:8      | Reached skill level 7 in Shields
 11326 | D:8      | Noticed Pikel
 11358 | D:8      | Offered knowledge of Inner Flame by Vehumet.
 11575 | D:8      | Found a sparkling altar of Nemelex Xobeh.
 11579 | D:8      | Identified the +1 dagger "Zugekuto" {heavy, Str+3}
 11680 | D:8      | Killed Pikel
 11681 | D:8      | Reached skill level 8 in Shields
 11807 | D:8      | Found Oneav's Antique Weapon Shop.
 12012 | D:8      | Noticed NoOffense's ghost (novice TrMo)
 12026 | D:8      | Found a transporter.
 12074 | D:8      | Found a transporter.
 12145 | D:7      | Found Ymnudghy's Weapon Shop.
 12259 | D:7      | Reached *** piety under Vehumet
 12954 | D:7      | Found Suleat's General Store.
 12971 | D:7      | Reached skill level 9 in Shields
 13043 | D:7      | Bought a scroll of identify for 22 gold pieces
 13043 | D:7      | Bought a scroll of poison for 44 gold pieces
 13043 | D:7      | Bought a scroll of teleportation for 33 gold pieces
 14130 | D:9      | Offered knowledge of Stone Arrow by Vehumet.
 14131 | D:9      | Reached skill level 10 in Shields
 15712 | D:9      | Reached skill level 11 in Shields
 15865 | D:9      | Gained mutation: You have large cloven feet. [demonic
                  | ancestry]
 15865 | D:9      | Reached XP level 12. HP: 74/74 MP: 2/25
 16268 | D:9      | Found a staircase to the Lair.
 16407 | D:10     | Reached **** piety under Vehumet
 16794 | D:10     | Noticed Snorg
 16856 | D:10     | Killed Snorg
 17042 | D:10     | Reached skill level 12 in Shields
 17042 | D:10     | Offered knowledge of Fireball by Vehumet.
 17558 | D:10     | Learned a level 5 spell: Fireball
 18237 | D:11     | Found a runed translucent door.
 18576 | D:11     | Found an ornate altar of the Wu Jian Council.
 18689 | D:11     | Reached skill level 13 in Shields
 18973 | D:11     | Found a runed translucent gate.
 18973 | D:11     | Found a runed translucent gate.
 19016 | D:11     | Found a runed translucent gate.
 19016 | D:11     | Noticed Ijustatesigmund's ghost (journeyman DECj)
 19017 | D:11     | Noticed Syrassil's ghost (journeyman HuWn)
 19235 | D:11     | Noticed an entropy weaver
 19266 | D:11     | Killed an entropy weaver
 19679 | D:11     | Reached skill level 14 in Shields
 19787 | D:11     | Reached skill level 1 in Fighting
 19920 | D:11     | Noticed an entropy weaver
 19936 | D:11     | Killed an entropy weaver
 20034 | D:11     | Noticed a ghost crab
 20050 | D:11     | Killed a ghost crab
 20187 | D:11     | Noticed a ghost crab
 20367 | D:11     | Noticed an entropy weaver
 20370 | D:11     | Noticed a ghost crab
 20379 | D:11     | Killed an entropy weaver
 20380 | D:11     | Reached XP level 13. HP: 43/84 MP: 13/26
 20624 | D:11     | Identified the +2 long sword "Secyonga" {heavy, Fly rElec
                  | Will- Dex+5}
 20629 | D:11     | Got the Vellum of Saltpetre
 21125 | D:12     | Found a radiant altar of Vehumet.
 21423 | D:12     | Reached ***** piety under Vehumet
 21423 | D:12     | Offered knowledge of Yara's Violent Unravelling by Vehumet.
 22578 | D:13     | Noticed Rupert
 22806 | D:13     | Reached skill level 10 in Spellcasting
 23102 | D:13     | Learned a level 5 spell: Iskenderun's Battlesphere
 23109 | D:13     | Learned a level 6 spell: Conjure Ball Lightning
 23288 | Orc:1    | Entered Level 1 of the Orcish Mines
 23761 | Orc:2    | Entered Level 2 of the Orcish Mines
 23761 | Orc:2    | Found a burning altar of Makhleb.
 23862 | Orc:2    | Found Oceczof's General Store.
 23879 | Orc:2    | Bought a scroll of amnesia for 48 gold pieces
 23879 | Orc:2    | Bought a potion of heal wounds for 60 gold pieces
 23899 | Orc:2    | Found a staircase to the Elven Halls.
 24023 | Orc:2    | Reached skill level 5 in Fighting
 25239 | Orc:2    | Found Weullae's Antique Weapon Shoppe.
 25239 | Orc:2    | Found Fyocuf's Antique Weapon Shop.
 25277 | Orc:2    | Found Ceaxt's Magic Scroll Shop.
 25277 | Orc:2    | Found Jaenesao's Assorted Antiques.
 25291 | Orc:2    | Bought a potion of haste for 290 gold pieces
 25291 | Orc:2    | Bought a scroll of immolation for 116 gold pieces
 25296 | Orc:2    | Bought a scroll of magic mapping for 127 gold pieces
 25296 | Orc:2    | Bought 2 scrolls of summoning for 323 gold pieces
 25296 | Orc:2    | Bought a scroll of teleportation for 51 gold pieces
 25654 | Lair:1   | Entered Level 1 of the Lair of Beasts
 25699 | Lair:1   | Reached skill level 15 in Shields
 25765 | Lair:1   | Offered knowledge of Spellforged Servitor by Vehumet.
 26044 | Lair:1   | Identified the +7 broad axe "Oklat" {heavy, rElec rPois
                  | rC+}
 26357 | Lair:1   | Noticed Nergalle
 26371 | Lair:1   | Killed Nergalle
 26695 | Lair:2   | Found a gate leading to a gauntlet.
 27326 | Lair:2   | Gained mutation: You are completely covered in razor-sharp
                  | scales. (AC +3, Slay +3) [demonic ancestry]
 27326 | Lair:2   | Reached XP level 14. HP: 87/101 MP: 4/28
 27483 | Lair:2   | Found a hole to the Spider Nest.
 28935 | Lair:3   | Found a staircase to the Shoals.
 30094 | Lair:3   | Offered knowledge of Lightning Bolt by Vehumet.
 31006 | Lair:4   | Reached skill level 16 in Shields
 31194 | Lair:4   | Found a viscous altar of Jiyva.
 31371 | Lair:4   | Found a staircase to the Slime Pits.
 32049 | Lair:5   | Entered Level 5 of the Lair of Beasts
 32694 | Lair:5   | Identified a scroll of acquirement
 32700 | Lair:5   | Reached XP level 15. HP: 50/114 MP: 7/31
 33294 | Lair:5   | Identified the +1 ring mail of Gynak {-Tele Fly SInv
                  | Stlth+}
 33680 | Lair:4   | Acquired 1146 gold pieces
 33795 | Lair:5   | Reached skill level 10 in Fighting
 33943 | Lair:5   | Identified the +2 scale mail "Pukk" {Str+4 Dex+3}
 35507 | D:13     | Found a gate to the Vaults.
 36144 | D:13     | Killed Rupert
 36887 | D:14     | Offered knowledge of Irradiate by Vehumet.
 36993 | D:14     | Found a basalt altar of Yredelemnul.
 37787 | D:14     | Found a runed translucent gate.
 37787 | D:14     | Found a runed translucent gate.
 37787 | D:14     | Found a runed translucent gate.
 37787 | D:14     | Noticed milododd's ghost (adept TrFi)
 37787 | D:14     | Noticed Odeis's ghost (journeyman OpCK)
 37787 | D:14     | Noticed Wopsaluy's ghost (journeyman GrFi)
 37788 | D:14     | Noticed Ybumir's ghost (journeyman FeAE)
 37788 | D:14     | Noticed Odeis's ghost (journeyman OpCK)
 38082 | D:15     | Entered Level 15 of the Dungeon
 38492 | D:15     | Noticed Agnes
 38495 | D:15     | Killed Agnes
 38607 | D:15     | Learned a level 4 spell: Iskenderun's Mystic Blast
 38862 | D:15     | Found a staircase to the Depths.
 39076 | D:15     | Reached skill level 15 in Spellcasting
 39269 | D:15     | Upgraded the game from 0.30-a0-719-gcc4359ea44 to
                  | 0.30-a0-758-gc2c871d025
 39269 | D:15     | Upgraded the game from 0.30-a0-758-gc2c871d025 to
                  | 0.31-a0-182-gc5ef74bbde
 39326 | D:15     | Learned a level 7 spell: Orb of Destruction
 39326 | D:15     | Upgraded the game from 0.31-a0-182-gc5ef74bbde to
                  | 0.31-a0-234-gad7ace16ef
 39529 | Elf:1    | Entered Level 1 of the Elven Halls
 39543 | Elf:1    | Reached XP level 16. HP: 102/124 MP: 30/35
 39906 | Elf:1    | Reached skill level 1 in Axes
 40199 | Elf:1    | Paralysed by an air elemental for 1 turns
 40601 | Elf:1    | Reached skill level 10 in Conjurations
 40604 | Elf:1    | Collided with a rock wall

Illustrated notes

Levels and vault maps discovered:
D:1:      dpeg_arrival_boxorama, layout_basic
D:2:      layout_rooms
D:3:      layout_loops_ring, shapermc_ecumenical_altar_starsandcircs,
          serial_bayou_pond_a, minmay_lizard_king, uniq_sigmund, uniq_robin
D:4:      minmay_chambers_of_twos, layout_gridville, nicolae_ru_path_of_blood,
          enter_ossuary_5, uniq_menkaure
D:5:      layout_basic, minmay_gold_behind_fungi, serial_bayou_lagoon_a
D:6:      layout_loops_corners, temple_statues
D:7:      layout_loops_cross, serial_shops, nicolae_shop_bloodbath_and_beyond,
          shop, shop
D:8:      layout_loops_corners, nicolae_overflow_crystal_walls, serial_shops,
          shop, gammafunk_ghost_berserking_beasts, special_room
          [special_room_orc], uniq_pikel
D:9:      lemuel_castle_with_subvaults [lemuel_castle_interior_carwin_2],
          layout_stronghold, grunt_lair_entry_orc_guard_hut, erik_orc_1,
          serial_column_ruins, column_ruins_columns_straight,
          column_ruins_columns_corner, column_ruins_open_small,
          column_ruins_grid_4, column_ruins_open_small, column_ruins_open_medium
D:10:     layout_basic, nrook_campfire, roderic_batcave, uniq_snorg
D:11:     gammafunk_mikee_crab_dinner, layout_cave_pools,
          gammafunk_ghost_cemetery, roderic_cross_of_infinity,
          nicolae_wu_jian_immortal_techniques
D:12:     layout_long_grid, fiery_altar_vehumet
D:13:     dreamdust_cave_troll, layout_grid_maze, grunt_vaults_entry_tiered,
          uniq_rupert
D:14:     layout_grid_maze, gammafunk_ghost_cemetery,
          nicolae_yredelemnul_corpse_copse
D:15:     grunt_enter_depths_snipers, layout_rooms, serial_park_square2,
          uniq_agnes
Temple:   nicolae_temple_slightly_damp_pantheon
Lair:1:   layout_cave_pods, uniq_nergalle
Lair:2:   layout_loops_ring, nicolae_spider_entry_lesser_pyramids,
          gauntlet_entry_generic, cheibrodos_lair_caveside_slide,
          pdpol_lair_cavern_descent
Lair:3:   layout_cave_pods, nicolae_shoals_entry_roost, serial_bayou_pond_e,
          st_stairs_12, serial_bayou_crossing
Lair:4:   layout_cave_shapes, minmay_slime_entry_oklob_enclosed
Lair:5:   gammafunk_lair_ancient_temple, layout_loops_ring, evilmike_ambush
          [evilmike_ambush_outer_doors, evilmike_ambush_inner_basic],
          infiniplex_staircase_pool
Orc:1:    layout_diamond_mine
Orc:2:    grunt_orc_tribal_feast, layout_caves, serial_shops,
          nicolae_diamond_shop, basic_altar
Elf:1:    elf_arrival_002, layout_loops_cross, hangedman_elf_disciples

Skill      XL: |  1  2  3  4  5  6  7  8  9 10 11 12 13 14 15 16 |
---------------+-------------------------------------------------+-----
Conjurations   | 2 3 4 5 6 8 9 10 | 10.0
Spellcasting   | 4 5 7 8 9 10 12 15 | 15.0
Air Magic      | 1 2 3 4 5 7 8 |  8.0
Shields        | 6 11 14 15 16 | 16.8
Fighting       | 2 6 9 10 | 10.7
Axes           | 3 |  3.0
Dodging        | |  1.7
Stealth        | |  1.7
Summonings     | |  1.0
Translocations | |  0.8

Action                     |  1- 3 |  4- 6 |  7- 9 | 10-12 | 13-15 | 16-18 || total
---------------------------+-------+-------+-------+-------+-------+-------++-------
  Melee: Hand axe          |     4 |       |       |       |       |       ||     4
         Dagger            |    22 |    92 |   189 |    49 |    15 |       ||   367
         Punch             |       |       |     1 |     1 |       |       ||     2
         Long sword        |       |       |       |       |    21 |     3 ||    24
         Broad axe         |       |       |       |       |    10 |    57 ||    67
  Throw: Stone             |     2 |       |       |       |       |       ||     2
         Dart              |       |       |       |     2 |       |       ||     2
   Cast: Magic Dart        |    99 |   106 |   189 |   125 |     2 |       ||   521
         Mephitic Cloud    |       |     5 |    30 |    31 |    49 |     9 ||   124
         Blink             |       |     1 |       |     3 |       |       ||     4
         Searing Ray       |       |       |     1 |   262 |   319 |     2 ||   584
         Iskenderun's Batt |       |       |       |       |    85 |     1 ||    86
         Conjure Ball Ligh |       |       |       |       |    65 |       ||    65
         Fireball          |       |       |       |       |    14 |       ||    14
  Evoke: Wand              |       |       |     2 |     2 |    14 |     6 ||    24
         Lightning rod     |       |       |       |       |       |     3 ||     3
         Phial of floods   |       |       |       |       |       |     1 ||     1
    Use: Scroll            |     6 |     2 |     8 |     7 |    14 |     6 ||    43
         Potion            |       |       |     2 |     4 |       |     1 ||     7
   Stab: Sleeping          |       |     2 |     1 |       |       |       ||     3
         Confused          |       |     1 |     9 |     2 |     3 |     3 ||    18
 Armour: Robe              |     8 |    28 |    61 |   135 |   202 |    71 ||   505
  Dodge: Dodged            |    18 |    63 |   109 |   397 |   392 |    56 ||  1035
  Block: Other             |       |     9 |    27 |     8 |       |       ||    44
         Buckler           |       |       |       |   127 |       |       ||   127
         Kite shield       |       |       |       |   263 |   771 |   114 ||  1148

Table legend: (Time is in decaauts)
 A = Elapsed time spent in this place.
 B = Non-inter-level travel time spent in this place.
 C = Inter-level travel time spent in this place.
 D = Time resting spent in this place.
 E = Time spent auto-exploring this place.
 F = Levels seen in this place.
 G = Mean time per level.
                   A        B        C        D        E       F      G
               +--------+--------+--------+--------+--------+-----+--------+
         Total |  40708 |  39300 |   1408 |  15656 |  15135 |  25 | 1628.3 |
       Dungeon |  28075 |  27137 |    938 |  10455 |  10976 |  15 | 1871.7 |
        Temple |     65 |     44 |     21 |      0 |     31 |   1 |   65.0 |
          Lair |   8902 |   8615 |    287 |   3390 |   3597 |   5 | 1780.4 |
  Orcish Mines |   2957 |   2796 |    161 |   1533 |    530 |   2 | 1478.5 |
   Elven Halls |    562 |    562 |      0 |    173 |      0 |   1 |  562.0 |
       Ossuary |    145 |    145 |      0 |    105 |      0 |   1 |  145.0 |
               +--------+--------+--------+--------+--------+-----+--------+

Top non-repeatable levels by time:
     D:9: 3573 daAuts
    D:10: 3455 daAuts
    D:11: 2831 daAuts
    D:13: 2472 daAuts
  Lair:4: 2391 daAuts
   Orc:2: 2025 daAuts
    D:14: 2022 daAuts
  Lair:3: 1938 daAuts
     D:8: 1798 daAuts
  Lair:5: 1776 daAuts
  Lair:2: 1751 daAuts
    D:12: 1736 daAuts
     D:4: 1667 daAuts
     D:3: 1648 daAuts
     D:1: 1462 daAuts
